 Dungeon Crawl Stone Soup version 0.31-a0-188-g5e087ee2ca (webtiles) character file.

Game seed: 10014768594889081436

79 qw the Shooter (level 4, -2/25 HPs)
             Began as a Deep Elf Hunter on June 23, 2023.
             Slain by a gnoll
             ... wielding a +0 flail
              (6 damage)
             ... on level 3 of the Dungeon.
             The game lasted 00:00:38 (1201 turns).

qw the Shooter (Deep Elf Hunter)                    Turns: 1201, Time: 00:00:39

Health: -2/25      AC:  4    Str: 10    XL:     4   Next: 16%
Magic:  6/6        EV: 12    Int: 14    God:
Gold:   78         SH:  0    Dex: 18    Spells: 3/3 levels left

rFire   . . .        Y - +1 shortbow
rCold   . . .        (shield currently unavailable)
rNeg    . . .        c - +0 leather armour
rPois   .            (no helmet)
rElec   .            (no cloak)
rCorr   .            i - +0 pair of gloves
SInv    .            (no boots)
Will    .....        (no amulet)
Stlth   ++           (no ring)
HPRegen 0.24/turn    (no ring)
MPRegen 0.10/turn

%: no passive effects
@: no status effects
A: MP-powered wands
a: no special abilities


You were on level 3 of the Dungeon.
You visited 1 branch of the dungeon, and saw 4 of its levels.

You collected 78 gold pieces.


Innate Abilities, Weirdness & Mutations

You expend magic power (3 MP) to strengthen your wands.


   Skills:
 - Level 1.5 Fighting
 + Level 7.6 Ranged Weapons
 - Level 2.4 Dodging
 - Level 1.2 Stealth


You had 3 spell levels left.
You didn't know any spells.
Your spell library was empty.

Inventory:

Hand Weapons
 Y - a +1 shortbow (weapon)
Armour
 a - a +0 leather armour of cold resistance
 c - a +0 leather armour (worn)
 i - a +0 pair of gloves (worn)
Potions
 d - a potion of attraction {unknown}
 e - a potion of cancellation {unknown}
 f - a potion of mutation
 j - a potion of degeneration {unknown}

Dungeon Overview and Level Annotations

Branches:
Dungeon (4/15)
 Temple: D:4-7

Altars:
Ashenzari


Message History

The arrow hits the dart slug but does no damage.
You shoot an arrow. The arrow hits the dart slug.
The dart slug is heavily wounded.
You shoot an arrow. The arrow hits the dart slug!
You kill the dart slug!
You have reached level 4!
You feel clever.
You start resting.
HP restored.
A gnoll comes into view. It is wielding a +0 spear.
The gnoll moves out of view.
A gnoll comes into view. It is wielding a +0 flail.
The gnoll moves out of view.
You shoot an arrow. The arrow hits the gnoll.
The gnoll is heavily wounded.
The gnoll throws a throwing net.
The throwing net hits you.
You become entangled in the net!
You tear a large gash into the net.
The gnoll shouts!
You struggle against the net.
You shred the net and break free! You shoot an arrow.
The arrow completely misses the gnoll.
The arrow closely misses the gnoll.
You shoot an arrow. The arrow hits the gnoll!
You kill the gnoll!
You shoot an arrow. The arrow hits the gnoll.
The gnoll is lightly wounded.
You shoot an arrow. The arrow closely misses the gnoll.
The gnoll hits you with a +0 flail.
You shoot an arrow. The arrow barely misses the gnoll.
The gnoll hits you with a +0 flail.
You shoot an arrow. The arrow hits the gnoll.
The gnoll is moderately wounded.
The gnoll hits you with a +0 flail!
You shoot an arrow. The arrow hits the gnoll.
The gnoll is moderately wounded.
The gnoll closely misses you.
You shoot an arrow. The arrow hits the gnoll.
The gnoll is severely wounded.
The gnoll hits you with a +0 flail.
You die...

### #### ######.## ..#
#.......# #.# #.####.##
##.###.####.# #.#
#...)g@.....####.#####
..###.#.######........##
#.... #.##.####.. #.###.
#.##.# #.. ..# .# #.##.#
#.# .## # #.##.####.# .
#.##...##.# #.####.##.#
#.# #.##.#


You could see a gnoll.

Vanquished Creatures
  A gnoll (D:3)
  An adder (D:2)
  A dart slug (D:3)
  3 bats (D:1)
  6 endoplasms (D:1)
  3 giant cockroaches
  10 hobgoblins
  2 jackals (D:2)
  2 quokkas
  8 ball pythons
  4 frilled lizards
  3 goblins
  6 kobolds
  4 rats
54 creatures vanquished.

Notes
Turn   | Place    | Note
-------+----------+-------------------------------------------
     0 | D:1      | qw the Deep Elf Hunter began the quest for the Orb.
     0 | D:1      | Reached XP level 1. HP: 12/12 MP: 3/3
     0 | D:1      | 0 ||| qw: Version: 0.3-a-9-g12657ce
     0 | D:1      | 0 ||| qw: Game counter: 4351
     0 | D:1      | 0 ||| qw: Always use a shield: true
     0 | D:1      | 0 ||| qw: God list: Okawaru
     0 | D:1      | 0 ||| qw: Allow faded altars: false
     0 | D:1      | 0 ||| qw: Do Orc after D:15 true
     0 | D:1      | 0 ||| qw: Do second Lair branch before Depths: true
     0 | D:1      | 0 ||| qw: Lair rune preference: random
     0 | D:1      | 0 ||| qw: Plans: Normal
     0 | D:1      | 0 ||| PLANNING D:1-11
    70 | D:1      | Reached XP level 2. HP: 16/16 MP: 4/4
    75 | D:1      | Reached skill level 6 in Ranged Weapons
   103 | D:1      | 103 ||| FLEEEEING.
   104 | D:1      | 104 ||| FLEEEEING.
   105 | D:1      | 105 ||| FLEEEEING.
   106 | D:1      | 106 ||| FLEEEEING.
   107 | D:1      | 107 ||| FLEEEEING.
   108 | D:1      | 108 ||| FLEEEEING.
   109 | D:1      | 109 ||| FLEEEEING.
   390 | D:1      | Reached XP level 3. HP: 20/20 MP: 5/5
   743 | D:1      | 743 ||| UPGRADING to +0 pair of gloves.
   748 | D:1      | 748 ||| READING scroll labelled PUAWNA MUKEERGH.
   753 | D:1      | 753 ||| READING scroll labelled YHUOPIFF ONIRU.
   754 | D:1      | 754 ||| READING scroll labelled RORCHI ECHITE.
   755 | D:1      | 755 ||| DROPPING scroll of butterflies.
   944 | D:2      | Reached skill level 7 in Ranged Weapons
  1077 | D:2      | You fall into a shaft and drop 2 floors!
  1077 | D:4      | Found a broken altar of Ashenzari.
  1119 | D:4      | 1119 ||| READING scroll labelled PYJAOWN VUYSOFF.
  1120 | D:4      | 1120 ||| DRINKING 2 sedimented black potions.
  1121 | D:4      | 1121 ||| DRINKING 2 fizzy yellow potions.
  1121 | D:4      | Gained mutation: You expend magic power (3 MP) to
                  | strengthen your wands. [potion of mutation]
  1122 | D:4      | 1122 ||| DROPPING potion of brilliance.
  1128 | D:3      | 1128 ||| PLANNING SEWER
  1185 | D:3      | Reached XP level 4. HP: 24/25 MP: 6/6
  1199 | D:3      | HP: 4/25 [gnoll/+0 flail (11)]
  1201 | D:3      | Slain by a gnoll

Levels and vault maps discovered:
D:1:      giann_bridges, layout_basic
D:2:      layout_basic, minmay_tetromino_t2
D:3:      layout_loops_ring, nicolae_overflow_crystal_walls,
          gup_sewer_entry_bubbles, solitary_fountain
D:4:      layout_rooms, kennysheep_mini_moat, evilmike_ruin_ashenzari,
          uniq_blork_the_orc

Skill      XL: |  1  2  3 |
---------------+----------+-----
Ranged Weapons | 6 7 |  7.6
Fighting       | |  1.5
Dodging        | |  2.4
Stealth        | |  1.2

Action                     |  1- 3 |  4- 6 || total
---------------------------+-------+-------++-------
   Fire: Shortbow          |   138 |     9 ||   147
    Use: Scroll            |     4 |       ||     4
         Potion            |     2 |       ||     2
 Armour: Leather armour    |    11 |       ||    11
  Dodge: Dodged            |    29 |     1 ||    30

Table legend:
 A = Non-vault XP
 B = Vault XP
 C = Vault XP percentage of total XP
 D = Non-vault monster count
 E = Vault monster count
 F = Vault count percentage of total count
                 A         B        C        D         E       F
            +---------+---------+-------+---------+---------+-------
      Total |     100 |      13 |  11.5 |      53 |       1 |   1.9
            +---------+---------+-------+---------+---------+-------
        D:1 |      48 |       0 |   0.0 |      31 |       0 |   0.0
        D:2 |      30 |      13 |  30.2 |      18 |       1 |   5.3
        D:3 |      20 |       0 |   0.0 |       3 |       0 |   0.0
        D:4 |       2 |       0 |   0.0 |       1 |       0 |   0.0
            +---------+---------+-------+---------+---------+-------
